 Dungeon Crawl Stone Soup version 0.24-a0-309-g1095bcad4c (webtiles) character file.

Game seed: 8705588017637563977

249 Esekla the Magician (level 6, -3/37 HPs)
             Began as an Octopode Wizard on May 14, 2019.
             Shot with an arrow by a centaur (5 damage)
             ... on level 5 of the Dungeon.
             The game lasted 00:29:59 (3995 turns).

Esekla the Magician (Octopode Wizard)               Turns: 3995, Time: 00:29:59

Health: -3/37      AC:  1    Str:  8    XL:     6   Next: 12%
Magic:  21/21      EV: 13    Int: 21    God:
Gold:   142        SH:  0    Dex: 10    Spells: 4/13 levels left

rFire    . . .     SeeInvis .   l - +0 long sword
rCold    . . .     Gourm    .   (no shield)
rNeg     . . .     Faith    .   a - +0 hat
rPois    .         Spirit   .   (no amulet)
rElec    .         Reflect  .   f - ring of magical power
rCorr    .         Harm     .   (no ring)
MR       .....                  (no ring)
Stlth    +++.......             (no ring)
HPRegen  0.12/turn              (no ring)
MPRegen  0.17/turn              (no ring)
                                (no ring)
                                (no ring)

@: no status effects
A: almost no armour, stealthy swim, amphibious, 8 rings, constrict 8, camouflage
1, gelatinous body 1
a: no special abilities


You were on level 5 of the Dungeon.
You were not hungry.

You visited 1 branch of the dungeon, and saw 5 of its levels.

You collected 142 gold pieces.

Inventory:

Hand Weapons
 h - a +0 spear
 l - a +0 long sword (weapon)
 s - a +0 short sword
Missiles
 d - 7 poisoned darts (quivered)
 t - 6 curare-tipped darts
 v - 2 boomerangs
Armour
 a - a +0 hat (worn)
Jewellery
 f - a ring of magical power (left tentacle)
 w - an uncursed ring of ice
Scrolls
 g - 3 scrolls of remove curse
 k - a scroll of noise {unknown}
 n - a scroll of immolation {unknown}
 o - 6 scrolls of identify {unknown}
 p - 2 scrolls of amnesia {unknown}
 u - a scroll of enchant armour {unknown}
Potions
 b - 2 potions of lignification {unknown}
 e - a potion of resistance {unknown}
 i - 2 potions of agility {unknown}
 j - 2 potions of haste {unknown}
 m - 2 potions of heal wounds {unknown}
 q - 2 potions of curing {unknown}
 r - a potion of brilliance {unknown}
 x - a potion of flight {unknown}
Comestibles
 c - 3 rations


   Skills:
 + Level 0.9 Fighting
 + Level 1.9(2.0) Short Blades
 + Level 0.3(1.2) Long Blades
 + Level 2.7 Dodging
 - Level 2.6 Stealth
 + Level 4.2 Spellcasting
 + Level 1.9 Conjurations
   Level 1.0 Summonings
 * Level 2.1 Translocations
 * Level 1.2 Air Magic
 * Level 1.7 Poison Magic


You had 4 spell levels left.
You knew the following spells:

 Your Spells              Type           Power        Failure   Level  Hunger
a - Magic Dart            Conj           ##..         5%          1    None
b - Blink                 Tloc           N/A          8%          2    #......
c - Mephitic Cloud        Conj/Pois/Air  ##......     19%         3    ###....
f - Conjure Flame         Conj/Fire      #.......     24%         3    ###....

Your spell library contained the following spells:

 Spells                   Type           Power        Failure   Level  Hunger
 Call Imp                 Summ           #.......     12%         2    #......
 Slow                     Hex            #.......     19%         2    #......


Dungeon Overview and Level Annotations

Branches:
Dungeon (5/15)
 Temple: D:4-7

Altars:
Elyvilon
Nemelex Xobeh
Uskayaw
Yredelemnul
Zin

Annotations:
D:4 Dowan, Duvessa


Innate Abilities, Weirdness & Mutations

You cannot wear most types of armour.
You are very stealthy in the water. (Stealth+)
You are amphibious.
You can wear up to eight rings at the same time.
You can use your tentacles to constrict eight enemies at once.
Your skin changes colour to match your surroundings (Stealth+).
Your rubbery body absorbs attacks. (AC +1, EV +1)


Message History

Your magical contamination has completely faded away.
Found a stone staircase leading down.
There is a stone staircase leading down here.
You climb downwards.
Found 27 gold pieces.
Found a stone staircase leading down.
There is a stone staircase leading up here.
A centaur comes into view.
The centaur shouts!
The centaur wields a +0 shortbow.
The centaur shoots an arrow.
The arrow hits you!
* * * LOW HITPOINT WARNING * * *
A jelly comes into view.
You see here an arrow.
The centaur shoots an arrow.
The arrow hits you!
* * * LOW HITPOINT WARNING * * *
You see here an arrow.
There is a stone staircase leading up here.
The centaur shoots an arrow.
The arrow barely misses you.
The centaur shoots an arrow.
The arrow hits you.
You die...

###.. #.... #.#.#
#.#.# # #.#.# .###
#.#.# .....
##..####.#.####..c###
#$.....@...#.(.......
#..........c>##......
#..#####.##### ..###
# #.# J.. #.# ##. #$.
###


You could see a centaur.

Vanquished Creatures
  A crimson imp (D:3)
  An orc wizard (D:4)
  An iguana (D:4)
  6 adders
  An ooze (D:1)
  An adder skeleton (D:4)
  4 worms
  3 dart slugs
  2 leopard geckos
  6 orcs
  A ball python (D:3)
  12 giant cockroaches
  12 goblins
  4 hobgoblins
  7 kobolds
  A quokka (D:3)
  2 bats (D:1)
  4 frilled lizards (D:2)
  2 gnoll zombies (D:2)
  8 rats
79 creatures vanquished.

Notes
Turn   | Place    | Note
-------+----------+-------------------------------------------
     0 | D:1      | Esekla the Octopode Wizard began the quest for the Orb.
     0 | D:1      | Reached XP level 1. HP: 11/11 MP: 4/4
   148 | D:2      | Reached XP level 2. HP: 17/17 MP: 0/6
   153 | D:2      | Learned a level 2 spell: Blink
   601 | D:2      | Reached XP level 3. HP: 21/21 MP: 7/7
   669 | D:2      | Learned a level 3 spell: Mephitic Cloud
   670 | D:2      | Found a hide-covered altar of Uskayaw.
   670 | D:2      | Found a glowing silver altar of Zin.
  1082 | D:2      | Found a basalt altar of Yredelemnul.
  1433 | D:2      | Reached XP level 4. HP: 15/27 MP: 9/9
  2038 | D:2      | Reached skill level 1 in Short Blades
  2259 | D:1      | Learned a level 3 spell: Conjure Flame
  2518 | D:1      | Reached skill level 1 in Poison Magic
  2658 | D:3      | Reached XP level 5. HP: 16/32 MP: 10/10
  2931 | D:3      | Reached skill level 1 in Air Magic
  3203 | D:3      | Found a white marble altar of Elyvilon.
  3422 | D:4      | Noticed Duvessa
  3422 | D:4      | Noticed Dowan
  3720 | D:4      | Reached skill level 4 in Spellcasting
  3874 | D:4      | Found a sparkling altar of Nemelex Xobeh.
  3948 | D:4      | Reached XP level 6. HP: 13/37 MP: 12/12
  3982 | D:5      | Entered Level 5 of the Dungeon
  3995 | D:5      | Shot with an arrow by a centaur

Levels and vault maps discovered:
D:1:      dpeg_arrival_prison, layout_basic, minmay_split_cup_large
D:2:      layout_basic, lemuel_zombie_altar_yredelemnul,
          gammafunk_temple_overflow_elements, serial_curves, eino_curves_01,
          eino_curves_01
D:3:      layout_basic, lemuel_doored_altar
D:4:      layout_basic, kennysheep_little_box, first_ration,
          nemelex_xobeh_ov_fountains_minmay, uniq_duvessa
D:5:      layout_loops_ring, lemuel_crystal_altar,
          minmay_temple_entry_antechambers

Skill      XL: |  1  2  3  4  5 |
---------------+----------------+-----
Short Blades   | 1 |  1.9
Poison Magic   | 1 |  1.7
Translocations | 2 |  2.1
Air Magic      | 1 |  1.2
Spellcasting   | 4 |  4.2
Fighting       | |  0.9
Long Blades    | |  0.3
Dodging        | |  2.7
Stealth        | |  2.6
Conjurations   | |  1.9
Summonings     | |  1.0

Action                   |  1- 3 |  4- 6 || total
-------------------------+-------+-------++-------
Melee: Dagger            |    20 |       ||    20
       Unarmed           |     3 |       ||     3
       Constrict         |    16 |    21 ||    37
       Tentacles         |    11 |    13 ||    24
       Mace              |     1 |       ||     1
       Short sword       |    41 |    58 ||    99
       Long sword        |       |    28 ||    28
 Cast: Magic Dart        |    37 |    52 ||    89
       Blink             |       |     2 ||     2
       Mephitic Cloud    |       |     1 ||     1
  Use: Scroll            |       |     2 ||     2
 Stab: Sleeping          |     9 |    18 ||    27
  Eat: Ration            |     1 |     2 ||     3
Armor: Skin              |     2 |     4 ||     6
Dodge: Dodged            |    48 |    45 ||    93
       Rpst.: Long sword |       |     3 ||     3

Table legend:
 A = Non-vault XP
 B = Vault XP
 C = Vault XP percentage of total XP
 D = Non-vault monster count
 E = Vault monster count
 F = Vault count percentage of total count
                 A         B        C        D         E       F
            +---------+---------+-------+---------+---------+-------
      Total |     336 |      21 |   5.9 |      70 |       9 |  11.4
            +---------+---------+-------+---------+---------+-------
        D:1 |      24 |      18 |  42.9 |      13 |       7 |  35.0
        D:2 |     101 |       3 |   2.9 |      29 |       2 |   6.5
        D:3 |     102 |       0 |   0.0 |      16 |       0 |   0.0
        D:4 |     109 |       0 |   0.0 |      12 |       0 |   0.0
            +---------+---------+-------+---------+---------+-------
